AoeStats
← schmeno

Arena

509749779Analyzed
2v2 RM · 5d ago on Sep 27, 2026· 46m 7s· 4 players
Game mode
Random Map
Map size
Medium (4 player)
Population
200
Speed
Normal
Resources
Standard
Victory
Conquest
Starting age
Dark Age
Ending age
Imperial Age
RankedLock teamsTeams togetherTeam positionsShared explorationLock speedFull tech treeHidden civsTurbo modeCheats
Victory
Defeat
🇺🇸 Saxons · United States
1152
+12
🇺🇸 Saxons · United States
1016
+18
🇵🇪 Italians · Peru
1076
-16
🇦🇷 Goths · Argentina
1049
-14
Maximo
8:12 Loom
10:06 Feudal Age
10:27 Horse Collar
10:33 Double-Bit Axe
13:18 Gold Mining
18:54 Castle Age
18:40 Stone Mining
18:21 Man-at-Arms
19:53 Heavy Plow
20:30 Stone Shaft Mining
20:07 Bow Saw
20:10 Forging
20:10 Squires
21:48 Long Swordsman
23:11 Wheelbarrow
22:22 Town Watch
24:12 Iron Casting
24:56 Scale Mail Armor
27:31 Hand Cart
27:41 Chain Mail Armor
31:56 Imperial Age
32:41 Perfusion
33:45 Blast Furnace
32:48 Town Patrol
32:17 Two-Handed Swordsman
35:11 Two-Man Saw
35:02 Anarchy
34:42 Champion
35:40 Treadmill Crane
36:34 Elite Huskarl
39:25 Devotion
Alkaphrah
13:06 Feudal Age
13:35 Double-Bit Axe
13:49 Horse Collar
17:12 Loom
20:18 Castle Age
19:33 Stone Mining
20:56 Wheelbarrow
21:14 Heavy Plow
21:26 Bow Saw
21:26 Gold Mining
22:15 Stone Shaft Mining
25:07 Gold Mining
31:16 Imperial Age
29:51 Silk Road
29:22 Crossbowman
30:54 Fletching
31:23 Treadmill Crane
34:13 Two-Man Saw
33:28 Arbalester
34:57 Bodkin Arrow
35:31 Ballistics
35:13 Padded Archer Armor
34:44 Elite Skirmisher
37:12 Thumb Ring
38:01 Conscription
38:17 Leather Archer Armor
38:25 Bracer
41:59 Ring Archer Armor
43:06 Capped Ram
schmeno
10:18 Feudal Age
14:05 Castle Age
11:56 Double-Bit Axe
15:06 Bow Saw
18:00 Loom
19:56 Gold Mining
21:12 Wheelbarrow
23:13 Forging
26:36 Imperial Age
23:56 Town Watch
25:07 Horse Collar
24:57 Crossbowman
26:30 Hand Cart
26:11 Stone Mining
26:36 Fletching
26:47 Guard Tower
27:31 Sanctity
27:27 Bodkin Arrow
28:42 Chemistry
28:06 Block Printing
28:36 Iron Casting
28:27 Bracer
28:56 Arbalester
30:30 Illumination
30:21 Padded Archer Armor
30:36 Thumb Ring
31:20 Ballistics
31:53 Redemption
32:16 Leather Archer Armor
32:07 Clerical Recruitment
34:33 Siege Engineers
36:00 Keep
35:41 Arrowslits
36:54 Masonry
36:25 Treadmill Crane
38:01 Ring Archer Armor
37:04 Capped Ram
37:52 Atonement
38:30 Theocracy
40:14 Architecture
40:40 Siege Ram
41:42 Murder Holes
Simon Nelson Cook
10:21 Feudal Age
15:01 Castle Age
13:09 Double-Bit Axe
14:23 Horse Collar
16:11 Fletching
19:35 Bow Saw
29:03 Imperial Age
27:40 Scale Mail Armor
27:49 Squires
27:38 Gambesons
28:15 Bodkin Arrow
28:32 Forging
29:04 Loom
29:38 Chain Mail Armor
29:24 Padded Archer Armor
30:24 Iron Casting
29:18 Man-at-Arms
29:22 Elite Hearth Troop
31:09 Wheelbarrow
30:07 Long Swordsman
30:58 Two-Handed Swordsman
31:15 Shield Wall
32:29 Hand Cart
32:01 Champion
34:40 Conscription
35:32 Capped Ram
36:24 Gold Mining
36:25 Stone Mining
37:48 Two-Man Saw
37:39 Heavy Scorpion
38:48 Murder Holes
41:38 Bracer
42:11 Plate Mail Armor
Connection lost

Rejoining the realm…

Still unreachable

The connection could not be restored.

Session expired

The server has moved on; the page needs a fresh start.